 Dungeon Crawl Stone Soup version 0.29.1-2-gbd0b4ee654 (webtiles) character file.

Game seed: 13612892915409704038

253 safid the Shooter (level 5, -1/48 HPs)
             Began as a Minotaur Hunter on Nov 17, 2022.
             Was an Initiate of Okawaru.
             Slain by an orc
             ... wielding a +0 mace
              (5 damage)
             ... on level 6 of the Dungeon.
             The game lasted 00:03:34 (2186 turns).

safid the Shooter (Minotaur Hunter)                 Turns: 2186, Time: 00:03:34

Health: -1/48      AC:  4    Str: 16    XL:     5   Next: 90%
Magic:  4/4        EV: 12    Int:  6    God:    Okawaru [......]
Gold:   94         SH:  0    Dex: 15    Spells: 4/4 levels left

rFire   . . .      SeeInvis .   a - +0 shortbow
rCold   . . .      Faith    .   (shield currently unavailable)
rNeg    . . .      Spirit   .   c - +0 leather armour
rPois   .          Reflect  .   (helmet restricted)
rElec   .          Harm     .   (no cloak)
rCorr   +          Rampage  .   (no gloves)
Will    .....                   l - +0 pair of boots
Stlth   +.........              (no amulet)
HPRegen 0.16/turn               e - ring of resist corrosion
MPRegen 0.09/turn               (no ring)

@: lethally poisoned (-1 -> -5)
A: horns 2, retaliatory headbutt
a: Renounce Religion


You were on level 6 of the Dungeon.
You worshipped Okawaru.
Okawaru was noncommittal.
You visited 1 branch of the dungeon, and saw 4 of its levels.

You collected 94 gold pieces.

Inventory:

Hand Weapons
 a - a +0 shortbow (weapon)
Armour
 c - a +0 leather armour (worn)
 l - a +0 pair of boots (worn)
Jewellery
 e - a ring of resist corrosion (left hand)
Wands
 q - a wand of light (7)
Scrolls
 b - 3 scrolls of immolation
 d - 3 scrolls of teleportation {unknown}
 f - 2 scrolls of brand weapon {unknown}
 g - 3 scrolls of identify {unknown}
 i - 3 scrolls of magic mapping {unknown}
 m - 3 scrolls of amnesia {unknown}
Potions
 h - 2 potions of resistance {unknown}
 j - a potion of brilliance {unknown}
 n - a potion of might {unknown}
 o - 3 potions of magic {unknown}
 p - 3 potions of attraction {unknown}


   Skills:
 + Level 5.5 Fighting
 + Level 6.4 Ranged Weapons
 - Level 2.1 Dodging
 - Level 0.7 Stealth


You had 4 spell levels left.
You didn't know any spells.
Your spell library contained the following spells:

 Spells                   Type           Power      Damage    Failure   Level
 Passwall                 Tmut/Erth      0%         N/A       67%         2
 Borgnjor's Vile Clutch   Necr/Erth      0%         N/A       100%        5
 Freezing Cloud           Conj/Ice/Air   0%         6-21      100%        5


Dungeon Overview and Level Annotations

Branches:
Dungeon (6/15)
 Temple: D:4-7

Altars:
Okawaru


Innate Abilities, Weirdness & Mutations

You have a pair of horns on your head.
You reflexively headbutt those who attack you in melee.


Message History

You kill the adder!
Okawaru accepts your kill.
You feel sick.
Unknown command.
You start resting.
You feel sick. x4
You are no longer poisoned.
You start resting.
An orc comes into view. It is wielding a +0 dagger.
You start resting.
An orc comes into view.
It is wielding a +1 short sword of venom.
You start resting.
An orc is nearby!
You start resting.
An orc is nearby!
Found a short sword.
A scorpion comes into view. 2 orcs come into view.
The orc shouts!
You hear a shout!
The orc moves out of view.
An orc comes into view. It is wielding a +0 war axe.
The orc shouts!
The orc attacks as you move away! The orc closely misses you.
You furiously retaliate!
You headbutt the orc, but do no damage. The orc attacks as you move away!
The orc hits you with a +0 mace.
* * * LOW HITPOINT WARNING * * *
The orc shouts!
The orc shouts!
The scorpion stings you.
* * * LOW HITPOINT WARNING * * *
You are poisoned.
The scorpion poisons you!
* * * LOW HITPOINT WARNING * * *
You feel sick.
* * * LOW HITPOINT WARNING * * *
You feel sick. The orc attacks as you move away!
The orc hits you with a +0 mace.
* * * LOW HITPOINT WARNING * * *
x2 You feel sick.
The orc attacks as you move away! The orc hits you with a +0 mace.
You die...

......# #.
#..........## .# . ...
...........##.# .. ...
..........#..#... ...
................. #...
#........>...#
.#.#.##............##.
......##...o..@.......
......†....o.os.......
#...................
##..o..##..o..........
#..##o.#...........#..
.#.....#.o...##..### .
#...##.........#
##...............
#.............(.###


You could see a scorpion and 5 orcs.

Vanquished Creatures
  A bullfrog (D:6)
  A scorpion (D:6)
  Natasha (D:2)
  2 adders
  2 worms (D:2)
  3 dart slugs
  An orc (D:3)
  4 bats (D:1)
  6 endoplasms
  3 giant cockroaches
  8 goblins
  2 hobgoblins (D:1)
  6 jackals (D:1)
  3 ball pythons (D:1)
  2 frilled lizards (D:1)
  7 kobolds
  7 rats
59 creatures vanquished.

Vanquished Creatures (others)
  Natasha (D:2)
1 creature vanquished.

Grand Total: 60 creatures vanquished

Notes
Turn   | Place    | Note
-------+----------+-------------------------------------------
     0 | D:1      | safid the Minotaur Hunter began the quest for the Orb.
     0 | D:1      | Reached XP level 1. HP: 18/18 MP: 0/0
   139 | D:1      | Reached XP level 2. HP: 25/25 MP: 1/1
   233 | D:1      | Got the Vademecum on the Chthonic Blizzard
   314 | D:1      | Found a faded altar of an unknown god.
   333 | D:1      | Reached XP level 3. HP: 31/31 MP: 2/2
   335 | D:1      | Reached skill level 5 in Ranged Weapons
   827 | D:2      | Found an iron altar of Okawaru.
   862 | D:2      | Became a worshipper of Warmaster Okawaru
   996 | D:2      | Noticed Natasha
  1001 | D:2      | Killed Natasha
  1279 | D:2      | Reached XP level 4. HP: 40/40 MP: 3/3
  1708 | D:2      | Noticed Natasha
  1717 | D:2      | Killed Natasha
  2122 | D:3      | You fall into a shaft and drop 3 floors!
  2126 | D:6      | Noticed a bullfrog
  2131 | D:6      | Killed a bullfrog
  2131 | D:6      | Noticed a scorpion
  2132 | D:6      | Reached skill level 5 in Fighting
  2132 | D:6      | Reached skill level 6 in Ranged Weapons
  2132 | D:6      | Reached XP level 5. HP: 17/48 MP: 4/4
  2186 | D:6      | Slain by an orc

Illustrated notes

Levels and vault maps discovered:
D:1:      giann_wishing_wells, layout_basic,
          hellmonk_ecumenical_altar_leap_of_faith, minmay_misc_feat_more_columns
D:2:      layout_basic, basic_altar, uniq_natasha
D:3:      layout_rooms
D:6:      layout_cave_pools, marbit_many_paths, minmay_temple_entry_poolview,
          minmay_misc_feat_rows, nicolae_stop_n_shop_1, hex_large,
          minmay_hedge_maze

Skill      XL: |  1  2  3  4 |
---------------+-------------+-----
Fighting       | 3 4 5 |  5.5
Ranged Weapons | 5 6 |  6.4
Dodging        | |  2.1
Stealth        | |  0.7

Action                   |  1- 3 |  4- 6 || total
-------------------------+-------+-------++-------
 Fire: Shortbow          |   102 |    67 ||   169
  Use: Potion            |       |     3 ||     3
Armor: Leather armour    |    11 |     9 ||    20
Dodge: Dodged            |    51 |    21 ||    72
